 Dungeon Crawl Stone Soup version 0.31-a0-208-gdb31a4691d (webtiles) character file.

Game seed: 1415241467590584567

14 lunkers the Shooter (level 2, -2/23 HPs)
             Began as a Meteoran Wanderer on June 28, 2023.
             Slain by Natasha (3 damage)
             ... on level 2 of the Dungeon.
             The game lasted 00:00:33 (542 turns).

lunkers the Shooter (Meteoran Wanderer)              Turns: 542, Time: 00:00:33

Health: -2/23      AC:  3    Str: 15    XL:     2   Next: 82%
Magic:  3/3        EV: 11    Int: 10    God:
Gold:   71         SH:  0    Dex: 14    Spells: 1/1 levels left

rFire   . . .        a - +2 sling
rCold   . . .        (no shield)
rNeg    . . .        e - +0 leather armour
rPois   .            (no helmet)
rElec   .            (no cloak)
rCorr   .            (no gloves)
SInv    .            (no boots)
Will    .....        (no amulet)
Stlth   +            (no ring)
HPRegen 0.23/turn    (no ring)
MPRegen 0.08/turn

%: no passive effects
@: slowed, glowing, very slow
A: sense surroundings 1, otherworldly, glowing, explore regen
a: no special abilities


You were on level 2 of the Dungeon.
You visited 1 branch of the dungeon, and saw 2 of its levels.

You collected 71 gold pieces.

Inventory:

Hand Weapons
 a - a +2 sling (weapon)
 b - a +0 hand axe
Armour
 e - a +0 leather armour (worn)
Wands
 c - a wand of flame (7)
Scrolls
 h - a scroll of acquirement {unknown}
Potions
 d - a potion of berserk rage
 f - 2 potions of haste {unknown}
 g - a potion of brilliance {unknown}


   Skills:
 - Level 1.1 Fighting
 - Level 1.2 Axes
 + Level 4.2 Ranged Weapons
 - Level 1.2 Throwing
 - Level 1.2 Armour
 - Level 1.2 Dodging
 - Level 1.0 Stealth
 - Level 1.2 Evocations


You had one spell level left.
You didn't know any spells.
Your spell library contained the following spells:

 Spells                   Type           Power      Damage    Failure   Level
 Poisonous Vapours        Pois/Air       0%         N/A       56%         2
 Mephitic Cloud           Conj/Pois/Air  0%         N/A       80%         3
 Freezing Cloud           Conj/Ice/Air   0%         6-21      100%        5


Dungeon Overview and Level Annotations

Branches:
Dungeon (2/15) Zot: 642

Altars:

Annotations:
D:2 Natasha


Innate Abilities, Weirdness & Mutations

You passively map a small area around you.
You are easily found by Zot.
You glow in the dark.
You regain HP and MP as you explore.


Message History

Natasha glows brightly for a moment.
There are monsters nearby!
You shoot a sling bullet. The sling bullet hits Natasha.
Natasha is lightly wounded.
Natasha howls an incantation.
Natasha shimmers violently.
You shoot a sling bullet.
The sling bullet closely misses Natasha.
The cerulean imp hits you but does no damage.
Natasha casts a spell at you.
You feel yourself slow down. Natasha attacks as you move away!
Natasha claws you!
Natasha wildly gestures.
Natasha glows brightly for a moment.
Natasha claws you.
* * * LOW HITPOINT WARNING * * *
Natasha attacks as you move away! Natasha claws you.
* * * LOW HITPOINT WARNING * * *
The cerulean imp hits you from afar with a +0 spear.
* * * LOW HITPOINT WARNING * * *
Unknown command.
Fire: a) +2 sling
Press: ? - help, Q - select action, (/) - cycle Shift-Dir - straight line, f/p - Natasha
Aim: Natasha (lightly wounded, 53% to hit)
You shoot a sling bullet. The sling bullet barely misses Natasha.
Natasha claws you but does no damage. The cerulean imp barely misses you.
Natasha claws you.
* * * LOW HITPOINT WARNING * * *
The cerulean imp hits you but does no damage.
Fire: a) +2 sling
Press: ? - help, Q - select action, (/) - cycle Shift-Dir - straight line, f/p - Natasha
Aim: Natasha (lightly wounded, 53% to hit)
You shoot a sling bullet. The sling bullet barely misses Natasha.
Natasha mumbles some strange words.
The cerulean imp hits you from afar with a +0 spear.
* * * LOW HITPOINT WARNING * * *
Natasha mumbles some strange words.
Natasha's front paws start to glow.
Natasha claws you.
You die...

* * , *##* * , ,
.. # ** ** *.#
.# * .##.# , ,
.... ** , ..#,
####.#####..#..#
,
.......@h<(....#
*
#########5#.##.#
, , , ,...... ,
, ####>### ,
,,*** .# , * ,#
, * * , * , * ,
,, ,


You could see Natasha and a cerulean imp (summoned).

Vanquished Creatures
  2 ball pythons (D:1)
  A goblin (D:1)
  A hobgoblin (D:1)
  2 jackals (D:1)
  2 kobolds (D:1)
  A quokka (D:1)
  A bat (D:1)
  A frilled lizard (D:1)
  2 rats
13 creatures vanquished.

Notes
Turn   | Place    | Note
-------+----------+-------------------------------------------
     0 | D:1      | lunkers the Meteoran Wanderer began the quest for the Orb.
     0 | D:1      | lunkers set off with the following items: a +2 sling, a +0
                  | hand axe, a wand of flame (7), a potion of berserk rage, a
                  | +0 leather armour.
     0 | D:1      | Reached XP level 1. HP: 16/16 MP: 2/2
   154 | D:1      | Reached XP level 2. HP: 19/23 MP: 3/3
   271 | D:1      | Reached skill level 4 in Ranged Weapons
   489 | D:1      | Glimpsed the power of Zot.
   534 | D:2      | Noticed Natasha
   542 | D:2      | HP: 1/23 [cerulean imp/+0 spear[Natasha] (5)]
   542 | D:2      | Slain by Natasha

Illustrated notes

Levels and vault maps discovered:
D:1:      tarquinn_simple_flora_water_d, layout_basic, minmay_crystal_room,
          chequers_serial_rivers_room_a, minmay_tromino_mix6
D:2:      layout_loops_cross, uniq_sigmund, uniq_natasha

Skill      XL: |  1  2 |
---------------+-------+-----
Ranged Weapons | 4 |  4.2
Fighting       | |  1.1
Axes           | |  1.2
Throwing       | |  1.2
Armour         | |  1.2
Dodging        | |  1.2
Stealth        | |  1.0
Evocations     | |  1.2

Action                     || total
---------------------------++-------
   Fire: Sling             ||    48
 Armour: Leather armour    ||     9
  Dodge: Dodged            ||     9

Table legend: (Time is in decaauts)
 A = Elapsed time spent in this place.
 B = Non-inter-level travel time spent in this place.
 C = Inter-level travel time spent in this place.
 D = Time resting spent in this place.
 E = Time spent auto-exploring this place.
 F = Levels seen in this place.
 G = Mean time per level.
                   A        B        C        D        E       F      G
               +--------+--------+--------+--------+--------+-----+--------+
         Total |    555 |    511 |     44 |      0 |    427 |   2 |  277.5 |
       Dungeon |    555 |    511 |     44 |      0 |    427 |   2 |  277.5 |
               +--------+--------+--------+--------+--------+-----+--------+

Top non-repeatable levels by time:
     D:1: 544 daAuts
     D:2: 10 daAuts
